 Dungeon Crawl Stone Soup version 0.13.1-17-g0f9d4ff (webtiles) character file.

717 Lilouch the Covered (level 6, -8/48 HPs)
             Began as a Mummy Fighter on Dec 15, 2013.
             Was a Plaything of Xom.
             Killed by divine providence
             ... invoked by an orc priest
              (11 damage)
             ... on Level 4 of the Dungeon.
             The game lasted 00:12:58 (4873 turns).

Lilouch the Covered (Mummy Fighter)                 Turns: 4873, Time: 00:12:58

HP  -8/48        AC 10     Str 21      XL: 6   Next: 83%
MP   5/5         EV  8     Int  7      God: Xom
Gold 246         SH 19     Dex 11      Spells:  0 memorised,  5 levels left

Res.Fire  : x . .   See Invis. : .   a - +0 trident
Res.Cold  : + . .   Warding    : .   d - +3 ring mail {rPois}
Life Prot.: + + +   Conserve   : .   c - +0 shield
Res.Poison: +       Res.Corr.  : .   (no helmet)
Res.Elec. : .       Clarity    : .   r - +0 orc cloak
Sust.Abil.: . .     Spirit.Shd : .   (no gloves)
Res.Mut.  : .       Stasis     : .   (no boots)
Res.Rott. : +       Flight     : .   (no amulet)
Saprovore : . . .                    (no ring)
                                     (no ring)

@: somewhat resistant to hostile enchantments, extremely unstealthy
A: no food or potions, fire vulnerability, restore body, cold resistance 1, life
protection 3, poison resistance, torment resistance, unbreathing
a: Renounce Religion


You were on level 4 of the Dungeon.
You worshipped Xom.
You were a beloved toy of Xom.
You were not hungry.

You visited 1 branch of the dungeon, and saw 5 of its levels.

You collected 226 gold pieces.

Inventory:

Hand weapons
 a - a +0,+0 trident (weapon)
 o - the cursed +1,+1 dagger of Tenacity {pain, MR++ Dex+4, unknown}
   (You found it on level 4 of the Dungeon)

   In the hands of one skilled in necromantic magic, it inflicts extra damage on
   living creatures.
   It affects your dexterity (+4).
   It affects your resistance to hostile enchantments.
   It has a curse placed upon it.
 q - a +0,+0 spear
Missiles
 g - 33 poisoned needles
 k - 68 bolts
 l - 20 poisoned bolts
 n - 14 exploding darts (quivered)
Armour
 b - a +0 scale mail
 c - a +0 shield (worn)
 d - a +3 ring mail of poison resistance (worn)
 r - a +0 orcish cloak (worn)
Scrolls
 e - 5 scrolls of remove curse {unknown}
 f - 6 scrolls of identify {unknown}
 h - 2 scrolls of noise {unknown}
 i - 2 scrolls of teleportation {unknown}
 j - a scroll of amnesia {unknown}
 p - a scroll of curse jewellery {unknown}
 s - a scroll of random uselessness {unknown}
Books
 m - a Grand Grimoire {highlevel}

   This book is beyond your current level of understanding.

   Spells                             Type                      Level
   Demonic Horde                      Summoning                    6
   Mass Abjuration                    Summoning                    6
   Haunt                              Necromancy/Summoning         7
   Summon Greater Demon               Summoning                    7
   Malign Gateway                     Summoning/Translocation      7
   Summon Horrible Things             Summoning                    8


   Skills:
 - Level 3.0 Fighting
 + Level 3.2 Polearms
 * Level 4.9 Armour
 + Level 3.8 Shields


You had 5 spell levels left.
You didn't know any spells.

Dungeon Overview and Level Annotations

Branches:
Dungeon (5/27)
 Temple: D:4-7

Altars:
Nemelex Xobeh
Trog
Xom
Zin


Innate Abilities, Weirdness & Mutations

You do not eat or drink.
Your flesh is vulnerable to fire.
Your flesh is cold resistant.
You are immune to negative energy.
Your system is resistant to poisons.
You are immune to unholy pain and torment.
You can survive without breathing.


Message History

The magic dart hits you! You block the orc priest's attack.
It hits you but does no damage.
You closely miss it. It hits you but does no damage.
The orc priest barely misses you.
You hear some strange, mumbled words.
The magic dart hits you!
You closely miss it. You block the orc priest's attack.
It hits you but does no damage.
The orc priest hits you with an orcish club.
You miss it. It hits you.
You barely miss it. It hits you but does no damage.
The orc priest cheers repeatedly.
The orc priest mumbles some strange prayers to Beogh against you.
Something smites you!
* * * LOW HITPOINT WARNING * * *
It hits you.
* * * LOW HITPOINT WARNING * * *
The orc priest calls down the wrath of Beogh upon you.
Something smites you!
You die...

###.#.......#......##.###.
#...#..............#...##.
#(.%#.......#..........##.
#...##......####..........
#...###...................
#...# #......###.......)..
###.###......# #..###.####
#.##....o>.# #..# #.# #
#.##...@#### #..###.####
#.##....# #..........
#.#####.# #.####.#### #.#
#.# #.# ##.#### #.### #.#
##.###....## #...# #.#
#....!....#. ###...###.#
#.........#. #.>....##.#
#.....#.###. #.%....##.#
##.####.# ##


You could see an orc priest.

Vanquished Creatures
  A centaur (D:5)
  A quasit (D:3)
  A scorpion (D:4)
  A worker ant (D:4)
  An iguana (D:3)
  4 orc wizards (D:4)
  Jessica (D:3)
  4 gnolls (D:4)
  4 adders
  2 worms
  A giant eyeball (D:4)
  2 giant geckos (D:1)
  20 orcs
  2 ball pythons
  4 bats
  11 hobgoblins
  A giant cockroach (D:4)
  A giant gecko skeleton (D:4)
  7 giant newts
  5 goblins
  A goblin skeleton (D:4)
  8 jackals
  7 kobolds
  A quokka (D:2)
  8 rats
99 creatures vanquished.

Vanquished Creatures (collateral kills)
  An orc (D:4)
1 creature vanquished.

Grand Total: 100 creatures vanquished

Notes
Turn   | Place    | Note
--------------------------------------------------------------
     0 | D:1      | Lilouch, the Mummy Fighter, began the quest for the Orb.
     0 | D:1      | Reached XP level 1. HP: 18/18 MP: 0/0
   133 | D:1      | Found a shimmering altar of Xom.
   134 | D:1      | Found a shimmering altar of Xom.
   135 | D:1      | Found a shimmering altar of Xom.
   150 | D:1      | Became a worshipper of Xom of Chaos
   178 | D:1      | XOM: harmless Summ miscast
   183 | D:1      | XOM: harmless Hex miscast
   260 | D:1      | Reached XP level 2. HP: 22/24 MP: 1/1
   345 | D:2      | XOM: divination: detect creatures
   447 | D:1      | XOM: silly message
   601 | D:1      | XOM: silly message
   725 | D:2      | Found a sparkling altar of Nemelex Xobeh.
   753 | D:2      | Found a bloodstained altar of Trog.
   782 | D:2      | Reached XP level 3. HP: 28/30 MP: 2/2
  1021 | D:2      | XOM: divination: detect creatures
  1138 | D:3      | Noticed Jessica
  1143 | D:3      | XOM: cast spell 'Flight'
  1165 | D:3      | Killed Jessica
  1179 | D:3      | Reached XP level 4. HP: 10/36 MP: 3/3
  1440 | D:3      | XOM: noise
  1783 | D:3      | XOM: enchant monster (bad)
  1909 | D:3      | XOM: divination: detect items
  1978 | D:3      | XOM: harmless Pois miscast
  2101 | D:3      | XOM: mild Hex miscast
  2113 | D:3      | XOM is BORED!
  2113 | D:3      | XOM: mild Summ miscast
  2635 | D:4      | Reached XP level 5. HP: 33/41 MP: 4/4
  2642 | D:4      | Paralysed by a giant eyeball for 3 turns
  2785 | D:4      | Reached skill level 4 in Armour
  2840 | D:3      | Found a glowing silver altar of Zin.
  2900 | D:4      | XOM: confuse monster(s)
  2912 | D:4      | XOM: cast spell 'Freezing Aura'
  2927 | D:4      | Got a transparent dagger
  3026 | D:4      | XOM: enchant monster (good)
  3267 | D:4      | XOM: enchant monster (bad)
  3272 | D:4      | Reached XP level 6. HP: 22/48 MP: 5/5
  3623 | D:4      | XOM: mild Conj miscast
  3742 | D:4      | XOM: 7-stop teleportation journey
  3812 | D:4      | XOM: severe Necr miscast
  3846 | D:4      | XOM: harmless Fire miscast
  4084 | D:5      | Entered Level 5 of the Dungeon
  4088 | D:5      | XOM: mild Hex miscast
  4187 | D:4      | XOM: god gift: spear {god gift}
  4524 | D:4      | XOM: scenery: create altars
  4618 | D:4      | XOM: colour smoke trail
  4712 | D:4      | XOM: divination: detect creatures
  4873 | D:4      | Killed from afar by an orc priest

Action                   |  1- 3 |  4- 6 || total
-------------------------+-------+-------++-------
Melee: Trident           |   111 |   323 ||   434
